 Dungeon Crawl Stone Soup version 0.29.0-7-g18a832c13a (webtiles) character file.

Game seed: 15317124419972442058

1453 SensoryNuts the Cleaver (level 8, 0/62 (68) HPs)
             Began as a Hill Orc Fighter on Aug 31, 2022.
             Was a Priest of Wu Jian.
             Succumbed to a water moccasin's poison
             ... on level 6 of the Dungeon.
             The game lasted 00:06:10 (5686 turns).

SensoryNuts the Cleaver (Hill Orc Fighter)          Turns: 5686, Time: 00:06:10

HP:   0/62 (68)     AC: 13    Str: 19    XL:     8   Next: 75%
MP:   6/8           EV:  5    Int:  8    God:    Wu Jian [***...]
Gold: 282           SH:  5    Dex: 12    Spells: 7/7 levels left

rFire   . . .      SeeInvis .   a - +0 war axe
rCold   . . .      Faith    .   c - +0 buckler
rNeg    . . .      Spirit   .   v - +0 plate armour
rPois   .          Reflect  .   (no helmet)
rElec   .          Harm     .   l - scarf {+Inv}
rCorr   .          Rampage  .   (no gloves)
Will    .....                   t - +0 pair of boots
Stlth   ..........              (no amulet)
HPRegen 0.20/turn               (no ring)
MPRegen 0.11/turn               (no ring)

@: mighty, lethally poisoned (0 -> -2), on berserk cooldown, very slightly
contaminated, hasted and slowed, studying Stealth, drained, invisible, serpent's
lash
A: MP-powered wands
a: Renounce Religion, Evoke Invisibility, Wall Jump, Serpent's Lash


You were on level 6 of the Dungeon.
You worshipped Wu Jian.
Wu Jian was most pleased with you.
You visited 2 branches of the dungeon, and saw 7 of its levels.

You collected 282 gold pieces.

Inventory:

Hand Weapons
 a - a +0 war axe (weapon)
Armour
 c - a +0 buckler (worn)
 l - a scarf of invisibility (worn)
 t - a +0 pair of boots (worn)
 v - a +0 plate armour (worn)
Jewellery
 g - an amulet of magic regeneration
 k - an amulet of the acrobat
 p - a ring of fire
Wands
 o - a wand of roots (13)
 u - a wand of paralysis (4)
Scrolls
 f - 6 scrolls of teleportation
 j - a scroll of summoning
 m - 3 scrolls of magic mapping
 q - 2 scrolls of noise
Potions
 b - a potion of attraction
 d - a potion of might
 i - a potion of haste
 n - 2 potions of berserk rage
 r - 2 potions of magic
 s - 4 potions of flight


   Skills:
 + Level 5.1 Fighting
 * Level 11.4 Axes
 + Level 5.8 Armour
 + Level 0.7 Dodging
 + Level 0.5 Stealth
 + Level 4.3 Shields


You had 7 spell levels left.
You didn't know any spells.
Your spell library contained the following spells:

 Spells                   Type           Power      Damage    Failure   Level
 Summon Small Mammal      Summ           0%         N/A       100%        1
 Call Canine Familiar     Summ           0%         N/A       100%        3
 Gell's Gravitas          Tloc           0%         N/A       100%        3
 Portal Projectile        Hex/Tloc       0%         N/A       100%        3
 Summon Guardian Golem    Hex/Summ       0%         N/A       100%        3
 Teleport Other           Tloc           0%         N/A       100%        3
 Leda's Liquefaction      Hex/Erth       0%         N/A       100%        4
 Dispersal                Tloc           0%         N/A       100%        6


Dungeon Overview and Level Annotations

Branches:
Dungeon (6/15)             Temple (1/1) D:5

Altars:
Ashenzari
Cheibriados
Dithmenos
Elyvilon
Gozag
Hepliaklqana
Kikubaaqudgha
Makhleb
Okawaru
Qazlal
Ru
Sif Muna
Trog
Uskayaw
Vehumet
Wu Jian
Xom
Yredelemnul
Zin
The Shining One


Innate Abilities, Weirdness & Mutations

You expend magic power (3 MP) to strengthen your wands.


Message History

You feel yourself moving faster!
You feel mighty!
You feel sick.
You feel a strong urge to attack something.
* * * LOW HITPOINT WARNING * * *
You feel sick.
You feel sick.
You feel your anger nearly subside.
You are no longer berserk.
You are exhausted.
You feel yourself slow down.
* * * LOW HITPOINT WARNING * * *
You feel sick.
Really quaff the potion of mutation?
You feel extremely strange.
You feel agile.
Your body twists and deforms.
* * * LOW HITPOINT WARNING * * *
You feel sick.
Unknown command.
Really quaff the potion of mutation?
You feel extremely strange.
You feel clumsy.
Your body's shape seems more normal.
You occasionally lose the ability to drink potions when taking damage.
You feel weirdly uncertain.
You feel stable. Fur sprouts all over your body.
* * * LOW HITPOINT WARNING * * *
You feel sick.
Unknown command.
Okay, then.
You feel drained.
You fade into invisibility!
You are very lightly contaminated with residual magic.
* * * LOW HITPOINT WARNING * * *
You feel sick.
Your muscles tense, ready for explosive movement...
Really quaff the potion of mutation?
You feel extremely strange.
You shed all your fur.
You no longer become unable to drink potions after taking damage.
You feel your magical essence link to the dungeon's wands.
* * * LOW HITPOINT WARNING * * *
You feel sick.
You feel very mighty all of a sudden.
You die...

#..#..# #..#..###
#####..##...###
..........#...#####
...................#
...................#
...................#
...................#
..........@........#
...................#
........../........#
......รท..................
.........................
...................#.....
......?............#.....
...................# ....
...................# ...


There were no monsters in sight!

Vanquished Creatures
  A water moccasin (D:6)
  A black bear (D:6)
  An ice beast (D:6)
  3 ogres (D:5)
  A phantom (D:5)
  2 kobold brigands
  2 bullfrogs (D:6)
  A scorpion (D:4)
  5 hounds
  An orc priest (D:5)
  2 iguanas
  4 orc wizards
  A mummy (D:4)
  7 adders
  A white imp (D:6)
  An ufetubus (D:5)
  2 worms
  3 dart slugs
  13 orcs
  8 bats
  8 endoplasms
  4 giant cockroaches
  5 goblins
  4 hobgoblins
  5 jackals
  A quokka (D:3)
  5 ball pythons
  3 frilled lizards
  17 kobolds
  2 rats (D:1)
114 creatures vanquished.

Notes
Turn   | Place    | Note
-------+----------+-------------------------------------------
     0 | D:1      | SensoryNuts the Hill Orc Fighter began the quest for the
                  | Orb.
     0 | D:1      | Reached XP level 1. HP: 19/19 MP: 1/1
   208 | D:1      | Reached XP level 2. HP: 24/27 MP: 2/2
   240 | D:1      | Reached skill level 3 in Axes
   279 | D:1      | Found a faded altar of an unknown god.
   302 | D:1      | Prayed at the altar of an unknown god.
   302 | D:1      | Became a worshipper of the Wu Jian Council
   302 | D:1      | Reached * piety under Wu Jian
   946 | D:2      | You fall into a shaft and drop 2 floors!
  1060 | D:3      | Reached XP level 3. HP: 33/33 MP: 3/3
  1624 | D:3      | Reached skill level 4 in Axes
  1697 | D:2      | Reached XP level 4. HP: 39/40 MP: 4/4
  2204 | D:3      | Reached XP level 5. HP: 42/46 MP: 5/5
  2204 | D:3      | Reached ** piety under Wu Jian
  2487 | D:4      | Reached skill level 5 in Axes
  2684 | D:4      | Found a hazy altar of Hepliaklqana.
  2787 | D:4      | Reached skill level 6 in Axes
  2916 | D:4      | Found an opulent altar of Gozag.
  2963 | D:4      | Reached XP level 6. HP: 52/52 MP: 6/6
  3322 | D:5      | Entered Level 5 of the Dungeon
  3363 | D:5      | Reached skill level 7 in Axes
  3575 | D:5      | Reached XP level 7. HP: 14/60 MP: 7/7
  3857 | D:5      | Reached skill level 5 in Armour
  3956 | D:5      | Reached skill level 8 in Axes
  4108 | D:5      | Reached *** piety under Wu Jian
  4109 | D:5      | Reached skill level 9 in Axes
  4460 | D:5      | Found a sacrificial altar of Ru.
  4476 | D:5      | Found a staircase to the Ecumenical Temple.
  4482 | D:5      | Reached XP level 8. HP: 67/67 MP: 8/8
  4494 | Temple   | Entered the Ecumenical Temple
  5210 | D:6      | Reached skill level 10 in Axes
  5521 | D:6      | Reached skill level 5 in Fighting
  5521 | D:6      | Reached skill level 11 in Axes
  5682 | D:6      | Gained mutation: You are agile. (Dex +4, Str/Int -1)
                  | [potion of mutation]
  5682 | D:6      | Gained mutation: Armour fits poorly on your strangely
                  | shaped body. [potion of mutation]
  5682 | D:6      | HP: 3/68 [poisoned by a water moccasin]
  5683 | D:6      | Lost mutation: You are agile. (Dex +4, Str/Int -1) [potion
                  | of mutation]
  5683 | D:6      | Lost mutation: Armour fits poorly on your strangely shaped
                  | body. [potion of mutation]
  5683 | D:6      | Gained mutation: You occasionally lose the ability to drink
                  | potions when taking damage. [potion of mutation]
  5683 | D:6      | Gained mutation: You are occasionally teleported next to
                  | monsters. [potion of mutation]
  5683 | D:6      | Lost mutation: You are occasionally teleported next to
                  | monsters. [potion of mutation]
  5683 | D:6      | Gained mutation: You are covered in fur. (AC +1) [potion of
                  | mutation]
  5684 | D:6      | HP: 1/62 [poisoned by a water moccasin]
  5685 | D:6      | Lost mutation: You are covered in fur. (AC +1) [potion of
                  | mutation]
  5685 | D:6      | Lost mutation: You occasionally lose the ability to drink
                  | potions when taking damage. [potion of mutation]
  5685 | D:6      | Gained mutation: You expend magic power (3 MP) to
                  | strengthen your wands. [potion of mutation]
  5686 | D:6      | Succumbed to a water moccasin's poison

Illustrated notes

Levels and vault maps discovered:
D:1:      heliophobic_arrival_ceremonial_halls, layout_basic,
          shapermc_ecumenical_altar_venn
D:2:      layout_rooms
D:3:      layout_loops_cross, chequers_serial_rivers_micro_c
D:4:      layout_basic, mainiacjoe_overflow_chevrons,
          nicolae_gozag_seed_capital, gup_ossuary_entry_pyramid,
          nicolae_figureground_sparkle
D:5:      layout_rooms, hangedman_ru_absence, minmay_temple_entry_trees,
          minmay_manual_moon
D:6:      layout_basic, st_stairs_5, corexii_checkpoint_a,
          chequers_serial_rivers_small_b, minmay_manual_mail
Temple:   nicolae_temple_bog_church

Skill      XL: |  1  2  3  4  5  6  7  8 |
---------------+-------------------------+-----
Axes           | 3 4 6 7 9 11 | 11.4
Fighting       | 4 5 |  5.1
Armour         | 4 5 |  5.8
Shields        | 4 |  4.3
Dodging        | |  0.7
Stealth        | |  0.5

Action                   |  1- 3 |  4- 6 |  7- 9 || total
-------------------------+-------+-------+-------++-------
Melee: War axe           |   108 |   144 |   139 ||   391
Invok: Lunge             |    10 |    11 |     4 ||    25
       Whirlwind         |       |       |     1 ||     1
       Serpent's Lash    |       |       |     1 ||     1
 Abil: Evoke Invisibilit |       |       |     1 ||     1
  Use: Scroll            |       |    10 |     4 ||    14
       Potion            |       |     1 |     9 ||    10
Armor: Scale mail        |    49 |    51 |       ||   100
       Plate armour      |       |    28 |   109 ||   137
Dodge: Dodged            |    49 |    51 |    37 ||   137
Block: Buckler           |    24 |    27 |    36 ||    87
